 Dungeon Crawl Stone Soup version 0.29-a0-356-g7bc237e783 (webtiles) character file.

Game seed: 15218718717240412627

12 spaghetti the Skirmisher (level 2, 24/24 HPs)
             Began as a Demonspawn Berserker on Apr 26, 2022.
             Was a Follower of Trog.
             Quit the game on level 1 of the Dungeon.
             The game lasted 00:00:36 (682 turns).

spaghetti the Skirmisher (Demonspawn Berserker)      Turns: 682, Time: 00:00:36

Health: 24/24      AC:  2    Str: 17    XL:     2   Next: 20%
Magic:  2/2        EV: 12    Int:  8    God:    Trog [*.....]
Gold:   26         SH:  0    Dex: 12    Spells: 1/1 levels left

rFire   . . .      SeeInvis .   a - +0 short sword {short}
rCold   . . .      Faith    .   (no shield)
rNeg    . . .      Spirit   .   b - +0 animal skin
rPois   .          Reflect  .   (helmet restricted)
rElec   .          Harm     .   (no cloak)
rCorr   .          Rampage  .   (no gloves)
Will    .....                   (no boots)
Stlth   ++........              (no amulet)
HPRegen 0.08/turn               (no ring)
MPRegen 0.08/turn               (no ring)

@: no status effects
A: horns 1
a: Renounce Religion, Berserk


You were on level 1 of the Dungeon.
You worshipped Trog.
Trog was aware of your devotion.
You visited 1 branch of the dungeon, and saw 1 of its levels.

You collected 26 gold pieces.


Innate Abilities, Weirdness & Mutations

You have a pair of small horns on your head.


   Skills:
 - Level 3.0 Fighting
 - Level 2.6 Short Blades
 - Level 1.7 Armour
 - Level 1.7 Dodging
 + Level 1.9 Stealth


You had one spell level left.
You didn't know any spells.
Your spell library was empty.

Inventory:

Hand Weapons
 a - a +0 short sword (weapon) {short}
Missiles
 c - 19 stones (quivered) {throwing}
Armour
 b - a +0 animal skin (worn)
Scrolls
 e - a scroll of immolation {unknown}
Potions
 d - a potion of flight {unknown}

Dungeon Overview and Level Annotations

Branches:
Dungeon (1/15)

Altars:

## .# .# .#########
####### .........#
#.....# ########.#
#....@#
.....###.###.....#
###..............#
####.....##.#........
###### ##
)†.......##.#.#######
#....# #.
..##.....##.#.#
#....# #.
.........##.#.# #
#....# #.
..##.....#..#.# #.
#....# #.
..##.#.#.####..
.####.##....####.


There were no monsters in sight!


Message History

You regained 4 hp, and now have 22/24 hp.
Your mp is fully restored (2).
You closely miss the kobold. Your headbutt misses the kobold.
You closely miss the kobold. The kobold closely misses you.
You closely miss the kobold. The ball python barely misses you. x2
The kobold closely misses you. The ball python barely misses you.
The ball python grabs you. The ball python constricts you.
You hit the kobold.
You kill the kobold!
Trog accepts your kill. The ball python bites you.
The ball python constricts you. 😕 HP[-1]
You take 1 damage, and now have 21/24 hp.
You escape the ball python's grasp.
The ball python closely misses you. x2
Things that are here:
a +0 short sword {short}; a kobold corpse You hit the ball python.
You kill the ball python!
Trog accepts your kill.
You start resting. 😎 HP[+3]
Your hp is fully restored (24).
You see here a bat corpse.
You see here a +0 dagger {short}.
Key pressed, stopping explore.
You now have 16 gold pieces.
Key pressed, stopping explore.
Key pressed, stopping explore.
Key pressed, stopping explore.
There is a stone staircase leading down here.
d - a fuming orange potion Key pressed, stopping explore.
Found a stone staircase leading down.
A kobold comes into view. It is wielding a +0 club.
A kobold is nearby!
A quokka comes into view.
The kobold shouts!
You barely miss the quokka. The quokka closely misses you.
You hit the kobold but do no damage. The kobold hits you with a +0 club.
The quokka barely misses you. 😕 HP[-1]
You take 1 damage, and now have 23/24 hp.
You barely miss the kobold. The kobold barely misses you.
The quokka barely misses you.
You hit the kobold.
You headbutt the kobold, but do no damage.
The quokka bites you. The kobold barely misses you. 😕 HP[-3]
You take 3 damage, and now have 20/24 hp.
You are too injured to fight recklessly!
You are too injured to fight recklessly!
You are too injured to fight recklessly!
You are too injured to fight recklessly!
You are too injured to fight recklessly!
You are too injured to fight recklessly!
You are too injured to fight recklessly!
You are too injured to fight recklessly!
You are too injured to fight recklessly!
You are too injured to fight recklessly!
You are too injured to fight recklessly!
You are too injured to fight recklessly!
You are too injured to fight recklessly!
You are too injured to fight recklessly!
Unknown command.
You barely miss the quokka. The quokka completely misses you.
The kobold closely misses you. The quokka completely misses you.
You barely miss the quokka. The kobold barely misses you.
The quokka bites you but does no damage.
You hit the quokka but do no damage. You headbutt the quokka.
You kill the quokka!
Trog accepts your kill. The kobold barely misses you. 😕 HP[+1]
The kobold hits you with a +0 club.
You see here a quokka corpse. 😕 HP[-2]
You take 2 damage, and now have 19/24 hp.
You barely miss the kobold.
The kobold hits you with a +0 club. 😮 HP[-4]
You take 4 damage, and now have 15/24 hp.
You barely miss the kobold. The kobold hits you with a +0 club.
* * * LOW HITPOINT WARNING * * *
😨 HP[-3]
You take 3 damage, and now have 12/24 hp.
You hit the kobold.
You kill the kobold!
Trog accepts your kill.
Things that are here:
a +0 club {mace}; a kobold corpse Key pressed, stopping explore.
Key pressed, stopping explore.
You now have 26 gold pieces (gained 10).
Key pressed, stopping explore.
e - a scroll labelled WEOSMOZ BEIMO 😎 HP[+12]
Your hp is fully restored (24).
Are you sure you want to abandon this character and quit the game? (Confirm with "yes".)
Okay, then.
Are you sure you want to abandon this character and quit the game? (Confirm with "yes".)

Skill      XL: |  1 |
---------------+----+-----
Stealth        | 1 |  1.9
Fighting       | |  3.0
Short Blades   | |  2.6
Armour         | |  1.7
Dodging        | |  1.7

Action                   || total
-------------------------++-------
Melee: Short sword       ||    27
       Headbutt          ||     2
Invok: Berserk           ||     1
Armor: Animal skin       ||     8
Dodge: Dodged            ||    29

Levels and vault maps discovered:
D:1:      dpeg_arrival_water_altar, layout_basic

Notes
Turn   | Place    | Note
-------+----------+-------------------------------------------
     0 | D:1      | spaghetti the Demonspawn Berserker began the quest for the
                  | Orb.
     0 | D:1      | Reached XP level 1. HP: 18/18 MP: 1/1
     0 | D:1      | magus.rc [v1.9.6]
    74 | D:1      | Reached skill level 1 in Stealth
   256 | D:1      | You feel monstrous as your demonic heritage exerts itself.
   256 | D:1      | Discovered your monstrous ancestry.
   256 | D:1      | Gained mutation: You have a pair of small horns on your
                  | head. [demonic ancestry]
   256 | D:1      | Reached XP level 2. HP: 22/24 MP: 2/2
   682 | D:1      | Quit the game

Vanquished Creatures
  A ball python (D:1)
  A bat (D:1)
  An endoplasm (D:1)
  4 jackals (D:1)
  A quokka (D:1)
  2 kobolds (D:1)
10 creatures vanquished.

Table legend:
 A = Non-vault XP
 B = Vault XP
 C = Vault XP percentage of total XP
 D = Non-vault monster count
 E = Vault monster count
 F = Vault count percentage of total count
                 A         B        C        D         E       F
            +---------+---------+-------+---------+---------+-------
      Total |      18 |       0 |   0.0 |      10 |       0 |   0.0
            +---------+---------+-------+---------+---------+-------
        D:1 |      18 |       0 |   0.0 |      10 |       0 |   0.0
            +---------+---------+-------+---------+---------+-------

Illustrated notes

Table legend:
 A = Kills in this place as a percentage of kills in entire the game.
 B = Kills by you in this place as a percentage of kills by you in the entire game.
 C = Kills by friends in this place as a percentage of kills by friends in the entire game.
 D = Other kills in this place as a percentage of other kills in the entire game.
 E = Experience gained in this place as a percentage of experience gained in the entire game.
 F = Experience gained in this place divided by the number of levels of this place that you have seen.
                   A       B       C       D       E      F
               +-------+-------+-------+-------+-------+----------------------
         Total | 100.0 | 100.0 |   N/A |   N/A | 100.0 |  18.0
       Dungeon | 100.0 | 100.0 |   N/A |   N/A | 100.0 |  18.0
               +-------+-------+-------+-------+-------+----------------------

Table legend: (Time is in decaauts)
 A = Elapsed time spent in this place.
 B = Non-inter-level travel time spent in this place.
 C = Inter-level travel time spent in this place.
 D = Time resting spent in this place.
 E = Time spent auto-exploring this place.
 F = Levels seen in this place.
 G = Mean time per level.
                   A        B        C        D        E       F      G
               +--------+--------+--------+--------+--------+-----+--------+
         Total |    688 |    688 |      0 |    152 |    492 |   1 |  688.0 |
       Dungeon |    688 |    688 |      0 |    152 |    492 |   1 |  688.0 |
               +--------+--------+--------+--------+--------+-----+--------+

Top non-repeatable levels by time:
     D:1: 688 daAuts
